 Dungeon Crawl Stone Soup version 0.27.1-34-g3ba077fa99 (webtiles) character file.

Game seed: 8123371821207790458

883 Delamore the Covert (level 8, 0/50 HPs)
             Began as an Octopode Brigand on Jan 31, 2022.
             Was an Initiate of Gozag.
             Slain by an orc (9 damage)
             ... on level 6 of the Dungeon.
             The game lasted 00:05:33 (4970 turns).

Delamore the Covert (Octopode Brigand)              Turns: 4970, Time: 00:05:33

Health: 0/50       AC:  1    Str: 17    XL:     8   Next: 5%
Magic:  17/17      EV: 12    Int: 13    God:    Gozag
Gold:   151        SH:  5    Dex: 15    Spells: 7/7 levels left

rFire    + . .     SeeInvis .   f - +5 quick blade
rCold    . . .     Faith    .   s - +0 buckler
rNeg     . . .     Spirit   .   (helmet restricted)
rPois    .         Reflect  .   (no amulet)
rElec    .         Harm     .   e - ring of resist corrosion
rCorr    +         Rampage  .   p - ring of protection from fire
Will     .....                  r - +6 ring of strength
Stlth    +++++.....             w - ring of magical power
HPRegen  0.16/turn              (no ring)
MPRegen  0.15/turn              (no ring)
                                (no ring)
                                (no ring)

@: mesmerised
A: almost no armour, amphibious, 8 rings, camouflage 1, gelatinous body 1,
(nimble swimmer 1), tentacles
a: Renounce Religion, Potion Petition, Call Merchant, Bribe Branch


You were on level 6 of the Dungeon.
You worshipped Gozag.
Gozag was aware of your devotion.
You visited 2 branches of the dungeon, and saw 7 of its levels.

You collected 314 gold pieces.
You spent 80 gold pieces at shops.
You paid 83 gold pieces to Gozag.

Inventory:

Hand Weapons
 a - a +2 dagger
 f - a +5 quick blade (weapon)
 j - a +1 dagger of venom
Missiles
 b - 49 poisoned darts (quivered)
 c - 7 curare-tipped darts
Armour
 s - a +0 buckler (worn)
Jewellery
 e - a ring of resist corrosion (left tentacle)
 p - a ring of protection from fire (right tentacle)
 r - a +6 ring of strength (on tentacle)
 w - a ring of magical power (on tentacle)
Scrolls
 i - a scroll of amnesia
 k - a scroll of blinking
 l - a scroll of teleportation
 m - a scroll of vulnerability
 u - 2 scrolls of noise
Potions
 d - a potion of mutation
 h - a potion of curing
 n - 2 potions of flight
 o - 2 potions of heal wounds
 q - a potion of lignification {unknown}
 t - a potion of ambrosia {unknown}
 v - 2 potions of degeneration {unknown}
 x - a potion of brilliance {unknown}


   Skills:
 - Level 2.0 Fighting
 + Level 5.7 Short Blades
 - Level 2.0 Throwing
 - Level 1.0 Dodging
 - Level 10.0 Stealth
 + Level 3.3 Shields


You had 7 spell levels left.
You didn't know any spells.
Your spell library contained the following spells:

 Spells                   Type           Power      Damage    Failure   Level
 Foxfire                  Conj/Fire      0%         2x1d4     32%         1
 Slow                     Hex            0%         N/A       45%         2
 Sublimation of Blood     Necr           0%         N/A       45%         2
 Wereblood                Tmut           0%         N/A       45%         2
 Confusing Touch          Hex            0%         N/A       69%         3
 Conjure Flame            Conj/Fire      0%         6-21      69%         3
 Inner Flame              Hex/Fire       0%         N/A       69%         3
 Ozocubu's Armour         Ice            0%         N/A       69%         3
 Vampiric Draining        Necr           0%         2d6       69%         3
 Blade Hands              Tmut           0%         N/A       100%        5
 Irradiate                Conj/Tmut      0%         3d13      100%        5
 Metabolic Englaciation   Hex/Ice        0%         N/A       100%        5
 Simulacrum               Ice/Necr       0%         N/A       100%        6
 Dragon Form              Tmut           0%         N/A       100%        7
 Summon Hydra             Summ           0%         N/A       100%        7


Dungeon Overview and Level Annotations

Branches:
Dungeon (6/15)             Temple (1/1) D:4

Altars:
Ashenzari
Cheibriados
Elyvilon
Fedhas
Gozag
Makhleb
Okawaru
Ru
Sif Muna
Trog
Wu Jian
Xom
Yredelemnul
Zin

Shops:
D:2 !

Annotations:
D:3 2 transporters, Kaptain's ghost, amateur GrEE
D:4 1 runed translucent door
D:6 Maggie


Innate Abilities, Weirdness & Mutations

You cannot wear most types of armour.
You are amphibious.
You can wear up to eight rings at the same time.
Your skin changes colour to match your surroundings (Stealth+).
Your rubbery body absorbs attacks. (AC +1, EV +1)
((You are camouflaged near water. (Stealth+)))
You have tentacles for arms and can constrict up to eight enemies at once.


Message History

Maggie gestures wildly while chanting.
Maggie attempts to bespell you! You resist with almost no effort.
The orc moves out of view.
You hear the slow hiss of a very distant avalanche of sand.
Maggie hits you from afar with a +0 vorpal glaive!
Maggie practices a pose.
Maggie casts a spell.
Maggie attempts to bespell you!
You easily resist.
You hit Maggie. You grab Maggie.
Maggie is lightly wounded.
You constrict Maggie. You puncture Maggie!
Maggie is lightly wounded.
You constrict Maggie, but do no damage. Maggie gestures at you while chanting.
The bolt of fire hits you! You resist.
You hit Maggie but do no damage.
Maggie is lightly wounded.
You constrict Maggie, but do no damage. The orc barely misses you.
You hit Maggie.
Maggie is moderately wounded.
You constrict Maggie.
Maggie casts a spell.
Maggie attempts to bespell you!
You are mesmerised by Maggie!
You puncture Maggie! You squeeze Maggie.
Maggie is moderately wounded.
You constrict Maggie. The orc closely misses you.
You completely miss Maggie.
Maggie is heavily wounded.
You constrict Maggie, but do no damage.
Maggie smiles, but it's obviously fake.
Maggie hits you with a +0 vorpal glaive!
* * * LOW HITPOINT WARNING * * *
x2 You hit Maggie but do no damage.
Maggie is heavily wounded.
You constrict Maggie.
The orc hits you with a +0 vorpal war axe!
You die...
Your body crumbles into a pile of gold.

#.....##...#
#.<........# .#
#.........## .#
#.........# .###
#########.# ...#
#.# #####...###.
#$###... .......
#..##.###o.....#
##......@@......
####.#.###.....
#.#.#####_##
#)..###....
#$..........
#.########## #.#
#.# #.#


You could see Maggie (mesmerising) and an orc.

Vanquished Creatures
  Menkaure (D:4)
  An ogre (D:4)
  Blork the orc (D:4)
  2 water moccasin skeletons
  An oklob sapling (D:4)
  A howler monkey (D:5)
  A centaur zombie (D:5)
  A human zombie (D:4)
  A jelly (D:5)
  A hound (D:4)
  2 iguanas (D:4)
  Natasha (thrice) (D:4)
  A howler monkey zombie (D:6)
  10 adders
  A white imp (D:6)
  An adder skeleton (D:4)
  A worm (D:4)
  2 orcs
  11 ball pythons
  5 bats
  7 endoplasms
  3 giant cockroaches
  10 goblins
  4 hobgoblins
  2 jackals (D:2)
  3 frilled lizards (D:1)
  A goblin skeleton (D:4)
  2 goblin zombies (D:4)
  4 kobolds
  5 rats
89 creatures vanquished.

Vanquished Creatures (others)
  19 plants
19 creatures vanquished.

Grand Total: 108 creatures vanquished

Notes
Turn   | Place    | Note
-------+----------+-------------------------------------------
     0 | D:1      | Delamore the Octopode Brigand began the quest for the Orb.
     0 | D:1      | Reached XP level 1. HP: 14/14 MP: 1/1
    82 | D:1      | Reached XP level 2. HP: 19/19 MP: 2/2
   190 | D:1      | Reached skill level 6 in Stealth
   454 | D:1      | Reached XP level 3. HP: 24/24 MP: 3/3
   946 | D:2      | Found Guxzet's Distillery.
   954 | D:2      | Bought a potion of curing for 30 gold pieces
  1359 | D:2      | Reached skill level 7 in Stealth
  1359 | D:2      | Reached XP level 4. HP: 29/29 MP: 4/4
  1472 | D:3      | Identified a scroll of acquirement
  1472 | D:3      | Acquired a +4 quick blade
  1501 | D:3      | Found a white marble altar of Elyvilon.
  1956 | D:3      | Found a transporter.
  1959 | D:3      | Noticed Kaptain's ghost (amateur GrEE)
  1991 | D:3      | Found a transporter.
  2013 | D:3      | Noticed a necrophage
  2073 | D:3      | Reached XP level 5. HP: 34/34 MP: 5/5
  2240 | D:2      | Bought a potion of heal wounds for 50 gold pieces
  2354 | D:4      | Noticed Blork the orc
  2361 | D:4      | Killed Blork the orc
  2362 | D:4      | Reached skill level 8 in Stealth
  2391 | D:4      | Noticed an ogre
  2392 | D:4      | Found a staircase to the Ecumenical Temple.
  2395 | D:4      | Killed an ogre
  2396 | D:4      | Reached skill level 9 in Stealth
  2396 | D:4      | Reached XP level 6. HP: 39/39 MP: 6/6
  2612 | D:4      | Noticed a human
  2617 | D:4      | Found a runed translucent door.
  2620 | D:4      | Found a basalt altar of Yredelemnul.
  2621 | D:4      | Noticed Natasha
  2632 | D:4      | Killed Natasha
  2684 | D:4      | Found a burning altar of Makhleb.
  2686 | D:4      | Noticed a blizzard demon
  2720 | D:4      | Noticed Natasha
  2729 | D:4      | Killed Natasha
  2747 | D:4      | Noticed Natasha
  2757 | D:4      | Killed Natasha
  2872 | D:4      | Reached XP level 7. HP: 45/45 MP: 7/7
  3010 | D:4      | Reached skill level 10 in Stealth
  3150 | D:4      | Reached skill level 1 in Shields
  3492 | D:4      | Noticed Menkaure
  3498 | D:4      | Killed Menkaure
  3499 | D:4      | Reached skill level 5 in Short Blades
  3993 | Temple   | Entered the Ecumenical Temple
  4119 | Temple   | Became a worshipper of Gozag Ym Sagoz the Greedy
  4160 | D:5      | Entered Level 5 of the Dungeon
  4572 | D:5      | Reached XP level 8. HP: 45/50 MP: 8/8
  4937 | D:6      | Found a bloodstained altar of Trog.
  4950 | D:6      | Found the +3 Elemental Staff {rElec rF++ rC++ Will++ AC+5}
  4952 | D:6      | Found a broken altar of Ashenzari.
  4956 | D:6      | Noticed Maggie
  4970 | D:6      | Slain by an orc

Illustrated notes

Levels and vault maps discovered:
D:1:      dpeg_arrival_tiny_b, layout_basic
D:2:      cheibrodos_old_hovel, layout_loops_cross, serial_shops, shop
D:3:      layout_rooms, nicolae_elyvilon_peaceful_grove,
          gammafunk_ghost_mausoleum, grunt_decor_mini_mirrors,
          kennysheep_generic_room_9
D:4:      layout_basic, makhleb_altar_promises_db, dk_yredelemnul_ordeal,
          minmay_temple_entry_oklob, uniq_natasha, uniq_menkaure,
          uniq_blork_the_orc
D:5:      layout_loops_ring
D:6:      layout_rooms, nicolae_dithmenos_shadow_blocks,
          mainiacjoe_overflow_chevrons, trog_antimagical,
          cheibrodos_ashenzari_chains, lightli_ossuary_entry_decrepit_ruins,
          chequers_garden, uniq_eustachio, uniq_maggie
Temple:   jpeg_temple_island

Skill      XL: |  1  2  3  4  5  6  7 |
---------------+----------------------+-----
Stealth        | 6 7 9 10 | 10.0
Short Blades   | 3 4 5 |  5.7
Shields        | 3 |  3.3
Fighting       | |  2.0
Throwing       | |  2.0
Dodging        | |  1.0

Action                   |  1- 3 |  4- 6 |  7- 9 || total
-------------------------+-------+-------+-------++-------
Melee: Dagger            |    47 |    10 |       ||    57
       Constrict         |     9 |    18 |     9 ||    36
       Tentacles         |     8 |    11 |    21 ||    40
       Quick blade       |       |    74 |    65 ||   139
  Use: Scroll            |       |     1 |     9 ||    10
 Stab: Sleeping          |    18 |    12 |     3 ||    33
       Distracted        |       |     1 |       ||     1
Armor: Skin              |     2 |     8 |     1 ||    11
Dodge: Dodged            |     7 |    26 |    13 ||    46
Block: Buckler           |       |       |     5 ||     5
